 Dungeon Crawl Stone Soup version 0.25.0-26-g0c896c7088 (console) character file.

Game seed: 17464217090367125180

29 Colgate the Charmwright (level 3, 24/31 HPs)
             Began as a Gnoll Skald on July 3, 2020.
             Got out of the dungeon alive.
             The game lasted 00:08:43 (1298 turns).

Colgate the Charmwright (Gnoll Skald)               Turns: 1298, Time: 00:08:44

Health: 24/31      AC:  3    Str: 13    XL:     3   Next: 16%
Magic:  9/9        EV: 14    Int: 16    God:
Gold:   90         SH:  0    Dex: 14    Spells: 9/12 levels left

rFire    . . .     SeeInvis .   a - +0 spear
rCold    . . .     Gourm    .   (no shield)
rNeg     . . .     Faith    .   b - +0 leather armour
rPois    .         Spirit   .   (no helmet)
rElec    .         Reflect  .   (no cloak)
rCorr    .         Harm     .   (no gloves)
MR       .....                  (no boots)
Stlth    +.........             (no amulet)
HPRegen  0.10/turn              (no ring)
MPRegen  0.11/turn              (no ring)

@: no status effects
A: distributed training, fangs 1, strong nose
a: no special abilities


You escaped.
You were not hungry.

You visited 1 branch of the dungeon, and saw 2 of its levels.

You collected 90 gold pieces.

Inventory:

Hand Weapons
 a - a +0 spear (weapon)
Missiles
 l - 64 stones (quivered)
 m - 23 arrows
Armour
 b - a +0 leather armour (worn)
Scrolls
 c - 2 scrolls of fear {unknown}
 f - a scroll of identify {unknown}
 g - 4 scrolls of remove curse {unknown}
 h - 3 scrolls of enchant weapon {unknown}
 j - a scroll of magic mapping {unknown}
 k - 2 scrolls of blinking {unknown}
 n - a scroll of teleportation {unknown}
Potions
 e - 2 potions of curing {unknown}
 i - a potion of lignification {unknown}
Comestibles
 d - a ration
 o - a chunk of flesh


   Skills:
 + Level 4.5 Fighting
 + Level 0.6 Short Blades
 + Level 0.6 Long Blades
 + Level 0.6 Axes
 + Level 0.6 Maces & Flails
 + Level 4.5 Polearms
 + Level 0.6 Staves
 + Level 0.6 Slings
 + Level 0.6 Bows
 + Level 0.6 Crossbows
 + Level 0.6 Throwing
 + Level 2.5 Armour
 + Level 4.5 Dodging
 + Level 0.6 Stealth
 + Level 0.6 Shields
 + Level 0.6 Unarmed Combat
 + Level 5.0 Spellcasting
 + Level 0.4 Conjurations
 + Level 0.4 Hexes
 + Level 5.4 Charms
 + Level 0.4 Summonings
 + Level 0.4 Necromancy
 + Level 0.4 Translocations
 + Level 0.4 Transmutations
 + Level 0.4 Fire Magic
 + Level 0.4 Ice Magic
 + Level 0.4 Air Magic
 + Level 0.4 Earth Magic
 + Level 0.4 Poison Magic
 + Level 0.8 Invocations
 + Level 0.6 Evocations


You had 9 spell levels left.
You knew the following spells:

 Your Spells              Type           Power        Failure   Level  Hunger
a - Infusion              Chrm           ###.         2%          1    None
b - Song of Slaying       Chrm           ###.....     3%          2    #......

Your spell library contained the following spells:

 Spells                   Type           Power        Failure   Level  Hunger
 Shroud of Golubria       Chrm/Tloc      ##....       9%          2    #......
 Ozocubu's Armour         Chrm/Ice       ##......     17%         3    ###....
 Spectral Weapon          Hex/Chrm       ##......     17%         3    ###....


Dungeon Overview and Level Annotations

Branches:
Dungeon (2/15)

Altars:


Innate Abilities, Weirdness & Mutations

Your experience applies equally to all skills.
You have very sharp teeth.
Your uncanny sense of smell can sniff out nearby items.


Message History

(D) Dungeon
Where to? (Enter - D:2, ? - help)
There is a stone staircase leading up here.
You climb upwards.
You feel sick.
There is a stone staircase leading down here.
(D) Dungeon
Where to? (Enter - D:1, ? - help)
Okay, then.
(D) Dungeon
Where to? (Enter - D:1, ? - help)
Okay, then.
You feel sick.
Magic restored.
You feel sick.
You are no longer poisoned.
There is an open door here.
There is an open door here.
There is an open door here.
There is a staircase leading out of the dungeon here.
Are you sure you want to leave the Dungeon?
This will make you lose the game!
You have escaped!

..# #..#.###.#...#.##.# ..##
##..##.#.'...#.##.# ...#
#..#.##.#...#.##.# ...##
##.#.##'#####.##.# #...##
#..###..#....##.# #....#
##.#.#..'....##.# ##...##
#..##..#....##.#
##...####.##'#####.##.#
#....####.#.#...#.##.#
####....#####.#...#.##.#
..###.....###.'.@.#.##.# ..#
##......###...#.##.# ..#
###......#####.##.########## ..#
###..........##>#......... ..#
#...........#...#.########
..######.##.######...#.#.#...####
รท.........#.# #####.#.......##
..######..#.# #........#.## ###
#..#.# #..###.###.##
########..#.# #..# #.# #.##
............# #..# #.# #.##


There were no monsters in sight!

Vanquished Creatures
  An adder (D:2)
  A dart slug (D:1)
  A leopard gecko (D:1)
  A ball python (D:1)
  5 bats (D:1)
  A giant cockroach (D:1)
  3 goblins
  A hobgoblin (D:1)
  A frilled lizard (D:1)
  2 rats (D:1)
17 creatures vanquished.

Notes
Turn   | Place    | Note
-------+----------+-------------------------------------------
     0 | D:1      | Colgate the Gnoll Skald began the quest for the Orb.
     0 | D:1      | Reached XP level 1. HP: 20/20 MP: 6/6
   128 | D:1      | Reached XP level 2. HP: 26/26 MP: 4/7
  1266 | D:2      | Reached skill level 5 in Spellcasting
  1266 | D:2      | Reached XP level 3. HP: 27/31 MP: 7/9
  1274 | D:2      | Learned a level 2 spell: Song of Slaying
  1298 | D:$      | Got out of the dungeon alive.

Illustrated notes

Levels and vault maps discovered:
D:1:      arrival_zaba_pyramid, layout_basic, columned_hall_lemuel,
          due_unseen_surprise
D:2:      layout_rooms, nicolae_ashenzari_panopticon,
          grunt_temple_overflow_open, minmay_divided_ellipse, uniq_robin,
          uniq_jessica

Skill      XL: |  1  2 |
---------------+-------+-----
Spellcasting   | 5 |  5.0
Fighting       | |  4.5
Short Blades   | |  0.6
Long Blades    | |  0.6
Axes           | |  0.6
Maces & Flails | |  0.6
Polearms       | |  4.5
Staves         | |  0.6
Slings         | |  0.6
Bows           | |  0.6
Crossbows      | |  0.6
Throwing       | |  0.6
Armour         | |  2.5
Dodging        | |  4.5
Stealth        | |  0.6
Shields        | |  0.6
Unarmed Combat | |  0.6
Conjurations   | |  0.4
Hexes          | |  0.4
Charms         | |  5.4
Summonings     | |  0.4
Necromancy     | |  0.4
Translocations | |  0.4
Transmutations | |  0.4
Fire Magic     | |  0.4
Ice Magic      | |  0.4
Air Magic      | |  0.4
Earth Magic    | |  0.4
Poison Magic   | |  0.4
Invocations    | |  0.8
Evocations     | |  0.6

Action                   || total
-------------------------++-------
Melee: Spear             ||    61
       Bite              ||     1
 Cast: Infusion          ||     7
 Stab: Sleeping          ||     1
  Eat: Chunk             ||     1
Armor: Leather armour    ||     5
Dodge: Dodged            ||    33
